 Dungeon Crawl Stone Soup version 0.29.1-15-g9cfb28693d (webtiles) character file.

Game seed: 527991746562402092

228 Kalevala the Sneak (level 5, -8/22 HPs)
             Began as a Felid Enchanter on Feb 28, 2023.
             Was an Initiate of the Shining One.
             Killed by divine providence
             ... invoked by an orc priest
              (14 damage)
             ... on level 3 of the Dungeon.
             The game lasted 00:16:04 (3129 turns).

Kalevala the Sneak (Felid Enchanter)                Turns: 3129, Time: 00:16:04

Health: -8/22      AC:  1    Str: 10    XL:     5   Next: 70%
Magic:  2/10       EV: 15    Int: 16    God:    the Shining One [......]
Gold:   179        SH:  0    Dex: 15    Spells: 0/9 levels left
                                        Lives:  0   Deaths: 1

rFire   . . .      SeeInvis +     - Unarmed
rCold   + + .      Faith    .   (shield unavailable)
rNeg    . . .      Spirit   .   (body armour unavailable)
rPois   .          Reflect  .   (helmet unavailable)
rElec   .          Harm     .   (cloak unavailable)
rCorr   .          Rampage  .   (gloves unavailable)
Will    +....                   (boots unavailable)
Stlth   +.........              (no amulet)
HPRegen 0.07/turn               (no ring)
MPRegen 0.12/turn               (no ring)

@: mighty, lethally poisoned (-8 -> -12), glowing, constricted, quick
A: very small, claws 1, fangs 3, see invisible, speed 1, shaggy fur 1, stealthy
paws, no weapons or thrown items, no armour, multi-lived, cold resistance 2,
strong-willed 1, strong 1
a: Renounce Religion


You were on level 3 of the Dungeon.
You worshipped the Shining One.
The Shining One was noncommittal.
You visited 1 branch of the dungeon, and saw 4 of its levels.

You collected 179 gold pieces.

Inventory:

Wands
 a - a wand of polymorph (11)
 e - a wand of flame (6)
Scrolls
 d - a scroll of magic mapping {unknown}
 m - a scroll of noise {unknown}
Potions
 b - 2 potions of berserk rage {unknown}
 g - a potion of magic
 h - a potion of haste
 i - a potion of ambrosia
 k - a potion of lignification
 l - a potion of flight {unknown}


   Skills:
 * Level 1.7 Fighting
 * Level 4.0 Dodging
 * Level 5.4 Stealth
 * Level 2.7 Unarmed Combat
 * Level 2.8 Spellcasting
 * Level 5.4 Hexes
 * Level 1.4 Ice Magic
 * Level 1.4 Evocations


You couldn't memorise any spells.
You knew the following spells:

 Your Spells              Type           Power      Damage    Failure   Level
a - Confusing Touch       Hex            19%        N/A       6%          3
b - Tukima's Dance        Hex            19%        N/A       6%          3
c - Dazzling Flash        Conj/Hex       20%        N/A       19%         3

Your spell library contained the following spells:

 Spells                   Type           Power      Damage    Failure   Level
 Ensorcelled Hibernation  Hex/Ice        26%        N/A       7%          2


Dungeon Overview and Level Annotations

Branches:
Dungeon (4/15)
 Temple: D:4-7

Altars:
Elyvilon
The Shining One

Shops:
D:2 =   D:4 =

Annotations:
D:3 3 runed translucent doors, sigtrap's ghost, weakling FoHu


Innate Abilities, Weirdness & Mutations

You have sharp claws.
You have razor-sharp teeth.
You have supernaturally acute eyesight. (SInv)
You cover ground quickly. (Speed+)
You are covered in fur. (AC +1)
Your paws help you pounce on unaware monsters.
You are incapable of wielding weapons or throwing items.
You cannot wear armour.
You gain extra lives every three experience levels.
Your flesh is very cold resistant. (rC++)
You are strong-willed. (Will+)
Your muscles are strong. (Str +4, Int/Dex -1)


Message History

The orc priest hits you with a +0 flail!
* * * LOW HITPOINT WARNING * * *
Your +0 mace hits the adder!
The adder bites your +0 mace.
Unknown command.
You feel much better.
The adder bites your +0 mace.
The orc priest hits you with a +0 flail.
Casting: Tukima's Dance (quite dangerous; 6% risk of failure)
Confirm with . or Enter, or press ? or * to list all spells.
The spell is quite dangerous to miscast (6% risk of failure)!
Continue anyway?
Aiming: Tukima's Dance (quite dangerous; 6% risk of failure)
Press: ? - help, Shift-Dir - straight line, f - orc priest
Aim: an orc priest, wielding a +0 flail and wearing a +0 leather armour (haloed, chance to affect: 51%)
The orc priest resists with significant effort.
Your +0 mace hits the adder.
The adder bites your +0 mace.
Your +0 mace falls from the air.
A ball python comes into view.
The orc priest closely misses you.
The adder hisses angrily.
Casting: Tukima's Dance (quite dangerous; 6% risk of failure)
Confirm with . or Enter, or press ? or * to list all spells.
The spell is quite dangerous to miscast (6% risk of failure)!
Continue anyway?
Aiming: Tukima's Dance (quite dangerous; 6% risk of failure)
Press: ? - help, Shift-Dir - straight line, f/p - orc priest
Aim: an orc priest, wielding a +0 flail and wearing a +0 leather armour (haloed, chance to affect: 51%)
The orc priest resists with significant effort.
The orc priest hits you with a +0 flail!
Unknown command.
You feel very mighty all of a sudden. The adder bites you.
You are poisoned.
The adder poisons you! The orc priest closely misses you.
You claw the orc priest!
The orc priest is severely wounded.
You feel sick. The ball python bites you. The ball python grabs you.
The ball python constricts you. The adder bites you.
* * * LOW HITPOINT WARNING * * *
The orc priest invokes the aid of Beogh against you.
Beogh smites you!
Ouch! That really hurt!
You die...

###.############..##
#.# #..## #.# #..##
#.# #..## #.# #..#
#.# .... #.# #..#
#.####... #@SJ.....
#...o.S.#....
#.#####.# .. .# .# .
#


You could see an orc priest, an adder, an endoplasm and a ball python.

Vanquished Creatures
  3 scorpions (D:4)
  A hound (D:4)
  Ijyb (D:3)
  3 adders
  A worm (D:3)
  A dart slug (D:2)
  3 orcs (D:3)
  6 ball pythons
  4 endoplasms
  A giant cockroach (D:2)
  8 goblins
  5 hobgoblins
  6 jackals
  2 quokkas
  4 bats
  5 frilled lizards
  2 kobolds (D:4)
  A rat (D:3)
57 creatures vanquished.

Vanquished Creatures (others)
  A dancing weapon (D:3)
  4 fungi (D:1)
  6 plants (D:1)
11 creatures vanquished.

Grand Total: 68 creatures vanquished

Notes
Turn   | Place    | Note
-------+----------+-------------------------------------------
     0 | D:1      | Kalevala the Felid Enchanter began the quest for the Orb.
     0 | D:1      | Reached XP level 1. HP: 7/7 MP: 4/4
   597 | D:1      | Reached XP level 2. HP: 5/11 MP: 6/6
   604 | D:1      | Learned a level 2 spell: Ensorcelled Hibernation
  1275 | D:2      | Reached XP level 3. HP: 15/15 MP: 5/7
  1283 | D:2      | Learned a level 3 spell: Tukima's Dance
  1434 | D:2      | Found Gunn's Jewellery Boutique.
  1733 | D:3      | Noticed Ijyb
  1734 | D:3      | Found a runed translucent gate.
  1734 | D:3      | Found a runed translucent gate.
  1734 | D:3      | Found a runed translucent gate.
  1750 | D:3      | Noticed sigtrap's ghost (weakling FoHu)
  1771 | D:3      | Reached skill level 1 in Fighting
  1820 | D:3      | Killed Ijyb
  1821 | D:3      | Reached skill level 5 in Hexes
  1821 | D:3      | Reached XP level 4. HP: 18/19 MP: 1/8
  1838 | D:3      | Gained mutation: Your muscles are strong. (Str +4, Int/Dex
                  | -1) [potion of mutation]
  1838 | D:3      | Gained mutation: You are strong-willed. (Will+) [potion of
                  | mutation]
  1838 | D:3      | Gained mutation: Your flesh is cold resistant. (rC+)
                  | [potion of mutation]
  1838 | D:3      | Gained mutation: Your flesh is very cold resistant. (rC++)
                  | [potion of mutation]
  1980 | D:4      | Found a glowing golden altar of the Shining One.
  2000 | D:4      | Found a white marble altar of Elyvilon.
  2027 | D:4      | Reached skill level 5 in Stealth
  2135 | D:4      | Became a worshipper of the Shining One
  2222 | D:4      | Noticed a scorpion
  2228 | D:4      | Reached skill level 1 in Ice Magic
  2244 | D:4      | Killed a scorpion
  2245 | D:4      | Reached skill level 1 in Evocations
  2245 | D:4      | Reached XP level 5. HP: 15/22 MP: 9/9
  2531 | D:4      | HP: 1/22 [scorpion (7)]
  2534 | D:4      | Slain by a scorpion
  2535 | D:4      | Reached XP level 4. HP: 0/19 MP: 8/8
  2662 | D:4      | Killed a scorpion
  2663 | D:4      | Reached XP level 5. HP: 22/22 MP: 8/10
  2690 | D:4      | Found Afushra's Jewellery Emporium.
  2708 | D:4      | HP: 1/22 [poisoned by a scorpion]
  3015 | D:3      | Learned a level 3 spell: Confusing Touch
  3019 | D:3      | Learned a level 3 spell: Dazzling Flash
  3129 | D:3      | Killed from afar by an orc priest

Illustrated notes

Levels and vault maps discovered:
D:1:      tarquinn_simple_flora_water_b, layout_loops_cross,
          dreamdust_ecumenical_altar_grove, corexii_leaking_fountain
D:2:      layout_loops_corners, serial_shops, shop, minivault_5
D:3:      layout_basic, gammafunk_ghost_split, minmay_misc_feat_enclosed,
          uniq_ijyb
D:4:      layout_gridville, mainiacjoe_overflow_chevrons, amcnicky_altar_gilded,
          serial_shops, shop_statue

Skill      XL: |  1  2  3  4  5 |
---------------+----------------+-----
Dodging        | 3 4 |  4.0
Fighting       | 1 |  1.7
Hexes          | 5 |  5.4
Stealth        | 5 |  5.4
Unarmed Combat | 2 |  2.7
Ice Magic      | 1 |  1.4
Evocations     | 1 |  1.4
Spellcasting   | |  2.8

Action                   |  1- 3 |  4- 6 || total
-------------------------+-------+-------++-------
Melee: Unarmed           |    78 |    77 ||   155
       Bite              |     7 |     5 ||    12
       Punch             |     1 |     2 ||     3
 Cast: Ensorcelled Hiber |    22 |     6 ||    28
       Tukima's Dance    |     3 |    12 ||    15
Evoke: Wand              |       |     8 ||     8
  Use: Scroll            |     4 |     7 ||    11
       Potion            |     5 |     8 ||    13
 Stab: Sleeping          |    19 |     1 ||    20
       Invisible         |     1 |       ||     1
Armor: Skin              |     8 |     2 ||    10
Dodge: Dodged            |   120 |    65 ||   185
